Map: Oxide LE

Players

LiquidClem (Clem) - Winner!

  • Race: Terran Terran
  • League: Grandmaster

Reynor

  • Race: Zerg Zerg
  • League: Master

Event: DreamHack SC2 Masters 2021 Summer

VOD

Have the link to the VOD?

Description

Time

  • Played on: June 5, 2021, 11:44 a.m.
  • Length: 19:42

All games in this series

Show
View Real Time Build Order
Export as new Build Order

LiquidClem Terran - Winner!

Build Orders: Reaper Expand, Hellion Banshee 

Get SALT Encoding   

  12  0:00  SCV  
  13  0:12  SCV  
  14  0:17  Supply Depot  
  14  0:24  SCV  
  15  0:38  SCV  
  15  0:40  Barracks  
  15  0:42  Refinery  
  16  0:50  SCV  
  17  1:02  SCV  
  18  1:14  SCV  
  19  1:27  Orbital Command, Reaper  
  20  1:39  Command Center  
  20  1:46  Supply Depot  
  20  1:52  SCV  
  21  1:59  Marine  
  22  2:04  SCV  
  23  2:10  Factory  
  23  2:17  SCV  
  23  2:20  Barracks Reactor  
  24  2:29  SCV  
  25  2:41  SCV, Command Center  
  26  2:51  Orbital Command  
  26  2:53  SCV  
  27  3:01  Starport  
  27  3:04  Refinery  
  27  3:06  SCV  
  27  3:09  Hellion  
  30  3:15  Hellion  
  30  3:17  SCV  
  30  3:19  Barracks Tech Lab  
  33  3:21  SCV  
  34  3:29  SCV  
  34  3:31  Hellion  
  37  3:36  SCV, Hellion  
  40  3:42  SCV  
  40  3:46  Banshee  
  44  3:50  SCV  
  44  3:53  Orbital Command, Hellion  
  47  3:56  Cloaking Field  
  47  3:57  SCV  
  47  4:01  Hellion  
  50  4:05  Barracks Tech Lab  
  50  4:06  SCV  
  50  4:07  Supply Depot  
  52  4:10  SCV  
  52  4:18  SCV x2  
  52  4:20  Barracks  
  52  4:22  SCV  
  55  4:24  Barracks  
  55  4:30  Banshee, Factory Reactor  
  58  4:31  Supply Depot  
  58  4:33  SCV  
  58  4:34  SCV  
  58  4:36  SCV  
  58  4:38  Marine  
  61  4:42  Refinery  
  62  4:46  SCV x2  
  62  4:48  Refinery  
  65  4:53  Stimpack  
  65  4:54  Supply Depot  
  65  4:56  Marine  
  65  4:57  Engineering Bay  
  65  4:58  SCV  
  65  4:59  SCV  
  67  5:01  SCV, Engineering Bay  
  68  5:12  Marine x2  
  68  5:13  SCV  
  68  5:14  Marine  
  71  5:18  Orbital Command, Marine x2  
  71  5:20  SCV, Factory Reactor  
  75  5:24  Starport Reactor  
  75  5:27  Terran Infantry Weapons Level 1  
  75  5:28  Terran Infantry Armor Level 1, Barracks  
  75  5:29  Barracks  
  75  5:30  Marine  
  75  5:33  Marine x2  
  75  5:34  SCV  
  75  5:35  SCV  
  80  5:38  Marine x2  
  80  5:41  Supply Depot  
  82  5:45  SCV  
  82  5:48  Marine  
  84  5:50  Marine  
  85  5:59  Supply Depot  
  85  6:02  Marine x3  
  85  6:03  SCV x2, Medivac  
  92  6:06  Marine  
  92  6:09  Supply Depot  
  93  6:11  Armory  
  93  6:17  Barracks Reactor x2  
  93  6:20  Marine x2, Medivac  
  93  6:21  Widow Mine, SCV x2  
  93  6:23  Supply Depot  
  101  6:26  Supply Depot  
  101  6:30  SCV, Marine x3  
  101  6:31  Widow Mine  
  107  6:33  SCV x2, Combat Shield, Supply Depot  
  107  6:38  Factory  
  109  6:45  SCV x3, Marine, Medivac  
  115  6:48  Marine, Supply Depot  
  116  6:54  Widow Mine x2  
  116  6:56  Medivac  
  116  6:57  SCV  
  123  7:03  Marine  
  123  7:05  Marine x5  
  123  7:06  Marine x2  
  121  7:08  Marine  
  121  7:10  SCV x2  
  122  7:16  Medivac  
  122  7:20  Supply Depot  
  122  7:21  Marine  
  122  7:22  Widow Mine x2, Refinery, Marine  
  127  7:23  Marine x2  
  127  7:25  SCV x3  
  127  7:29  Terran Infantry Weapons Level 2  
  131  7:31  Marine  
  131  7:33  Marine  
  131  7:34  Marine  
  134  7:37  SCV, Marine  
  134  7:38  Refinery, Marine  
  134  7:40  Drilling Claws  
  134  7:42  Widow Mine  
  134  7:43  Widow Mine  
  141  7:44  Marine  
  141  7:45  Marine  
  141  7:49  Marine x2  
  145  7:54  Widow Mine  
  145  7:55  Supply Depot  
  145  7:56  Marine, Supply Depot  
  145  7:57  Marine  
  145  7:58  Marine  
  148  7:59  Sensor Tower  
  148  8:03  Widow Mine  
  148  8:09  Widow Mine  
  148  8:10  Command Center  
  148  8:12  Medivac  
  148  8:16  Terran Infantry Armor Level 2  
  148  8:17  Medivac  
  148  8:18  Marine  
  148  8:19  Widow Mine  
  153  8:21  Marine  
  153  8:22  Marine  
  153  8:27  Widow Mine  
  157  8:28  Supply Depot  
  157  8:29  Supply Depot  
  157  8:30  Widow Mine  
  157  8:32  Marine  
  158  8:35  Marine  
  158  8:36  Supply Depot  
  158  8:38  Marine  
  160  8:41  SCV  
  160  8:42  SCV, Medivac, Supply Depot  
  160  8:43  SCV  
  160  8:45  Widow Mine  
  160  8:48  Terran Vehicle And Ship Armor Level 1  
  165  8:49  Marine x2  
  165  8:50  Marine, Supply Depot  
  165  8:54  Medivac  
  165  8:55  Widow Mine  
  172  8:56  Marine  
  159  9:03  Widow Mine, Marine  
  159  9:09  Widow Mine, Marine  
  158  9:10  Marine  
  158  9:11  Marine  
  158  9:12  Medivac  
  158  9:13  Marine  
  158  9:14  Marine  
  165  9:23  Widow Mine, Marine  
  168  9:24  Medivac  
  168  9:25  SCV, Marine x2  
  168  9:28  Widow Mine  
  168  9:29  Marine  
  172  9:35  Widow Mine  
  172  9:36  SCV, Marine x2  
  171  9:40  Marauder  
  171  9:42  Marine, Medivac  
  171  9:44  Widow Mine  
  171  9:45  Command Center  
  176  9:50  Widow Mine  
  174  9:54  Medivac  
  174  9:58  Marine  
  174  9:59  Planetary Fortress  
  169  10:03  Marauder  
  169  10:06  Barracks x2  
  169  10:07  Barracks  
  168  10:09  Widow Mine x2  
  168  10:11  Widow Mine  
  168  10:12  Medivac  
  167  10:16  Marine x2  
  167  10:20  Marine x2  
  164  10:30  Widow Mine, Marine x3  
  164  10:31  Widow Mine, SCV  
  164  10:32  Widow Mine, SCV  
  175  10:37  SCV  
  175  10:39  Terran Infantry Weapons Level 3  
  176  10:42  Command Center  
  176  10:46  Terran Infantry Armor Level 3  
  173  10:52  Widow Mine x2  
  173  10:55  Marauder, Marine x2  
  168  10:57  Barracks Tech Lab x2  
  168  10:59  Widow Mine, Liberator  
  168  11:02  Barracks Tech Lab  
  168  11:03  Marine x2  
  173  11:07  Marine  
  173  11:09  Marine  
  173  11:11  Marine  
  170  11:13  Widow Mine  
  170  11:15  Command Center  
  170  11:16  Marauder  
  174  11:18  Refinery, Ghost Academy  
  174  11:21  Marauder x2  
  174  11:22  Widow Mine  
  175  11:28  Siege Tank  
  175  11:30  Liberator  
  175  11:31  Marine  
  180  11:37  Widow Mine  
  180  11:38  Marauder  
  180  11:39  Marine x4  
  178  11:41  Marauder  
  178  11:44  Concussive Shells  
  178  11:45  Marauder  
  184  11:48  Marauder  
  184  11:53  Liberator  
  176  11:59  Marauder, Marine x2  
  176  12:00  Siege Tank  
  178  12:02  Marauder  
  178  12:06  Marauder  
  178  12:09  Marauder, Planetary Fortress  
  178  12:10  Marine  
  178  12:11  Marine x2  
  178  12:12  Widow Mine  
  178  12:13  Marine x2  
  187  12:19  SCV  
  187  12:21  Marauder  
  190  12:23  Marauder  
  190  12:27  Orbital Command, Ghost  
  194  12:30  Ghost  
  194  12:32  Siege Tank  
  192  12:41  Ghost  
  192  12:43  Marine x3  
  197  12:44  Ghost  
  197  12:46  SCV  
  197  12:47  SCV  
  197  12:48  SCV  
  197  12:49  SCV  
  185  12:52  SCV  
  185  12:55  Ghost  
  185  12:58  Marine x2  
  171  12:59  Marauder, Marine  
  171  13:00  SCV  
  171  13:01  Planetary Fortress  
  171  13:02  SCV  
  176  13:07  SCV  
  176  13:11  Marauder  
  176  13:12  SCV  
  179  13:13  Marauder  
  179  13:17  Missile Turret  
  179  13:18  SCV  
  171  13:20  Ghost  
  171  13:23  Widow Mine x2  
  171  13:24  Ghost  
  179  13:29  Refinery  
  179  13:30  Command Center  
  179  13:31  Ghost  
  179  13:32  SCV  
  179  13:33  SCV  
  181  13:35  Refinery  
  181  13:37  Refinery  
  181  13:38  SCV  
  181  13:40  Siege Tank  
  181  13:41  Marine, Missile Turret  
  181  13:42  Marine  
  181  13:45  Ghost  
  183  13:52  Ghost  
  181  13:58  Widow Mine x2  
  181  13:59  Marine  
  186  14:03  Liberator  
  186  14:06  Missile Turret  
  189  14:11  SCV, Ghost  
  189  14:13  SCV  
  189  14:14  Command Center  
  189  14:15  Ghost  
  194  14:19  Widow Mine  
  192  14:29  Marine x2, Ghost  
  192  14:30  SCV  
  192  14:31  SCV x2  
  189  14:32  SCV, Marine  
  189  14:33  Widow Mine  
  189  14:35  SCV  
  189  14:37  Ghost  
  194  14:41  Marauder  
  194  14:44  Marine x2  
  195  14:47  SCV  
  197  14:56  Ghost  
  198  15:03  Ghost  
  198  15:06  Terran Vehicle Weapons Level 1  
  200  15:08  Neosteel Armor  
  200  15:13  Command Center  
  200  15:21  Ghost  
  198  15:32  Medivac  
  189  15:44  Widow Mine  
  189  15:45  Widow Mine  
  189  15:46  Medivac  
  189  15:47  Orbital Command  
  180  15:51  Siege Tank  
  180  15:54  Marine x5  
  180  15:55  Marauder  
  180  15:56  Marauder  
  175  16:00  Marauder  
  175  16:01  Marauder  
  175  16:02  Medivac  
  179  16:05  Widow Mine  
  179  16:06  Widow Mine  
  177  16:16  Ghost, Liberator  
  177  16:17  Marauder  
  183  16:20  Ghost  
  183  16:24  Widow Mine  
  187  16:26  Widow Mine, Ghost  
  187  16:27  Widow Mine  
  187  16:31  Marine x2  
  187  16:32  Medivac  
  188  16:37  Ghost  
  181  16:45  Widow Mine, Ghost  
  185  16:48  Widow Mine  
  185  16:50  Marauder  
  185  16:51  Refinery  
  189  16:55  Marauder  
  189  17:02  Widow Mine  
  189  17:06  Ghost  
  189  17:07  Orbital Command  
  191  17:10  Ghost  
  191  17:13  Ghost  
  190  17:16  Ghost  
  190  17:22  Medivac  
  187  17:23  Widow Mine  
  187  17:24  Marine x3  
  187  17:27  Marine  
  187  17:28  Orbital Command  
  186  17:31  Widow Mine  
  186  17:32  Marine x4  
  186  17:34  Ghost  
  185  17:37  Widow Mine  
  185  17:39  Marine  
  185  17:40  Liberator  
  191  17:48  Marauder, Marine  
  194  17:53  Widow Mine, Marine  
  188  17:59  SCV  
  188  18:01  SCV  
  188  18:02  SCV x2  
  188  18:03  SCV  
  186  18:09  SCV  
  186  18:14  SCV  
  186  18:16  SCV  
  188  18:22  Sensor Tower  
  187  18:31  Siege Tank  
  188  18:38  Ghost  
  190  18:42  Planetary Fortress  
  190  18:43  Marine  
  191  18:53  Ghost  
  185  18:56  Widow Mine  
  187  19:03  Siege Tank  
  185  19:10  Ghost  
Show
View Real Time Build Order
Export as new Build Order

Reynor Zerg 

Build Orders: Hatch First, Lurkers 

Get SALT Encoding   

  12  0:00  Drone  
  13  0:12  Overlord  
  13  0:16  Drone  
  14  0:30  Drone x2  
  16  0:47  Hatchery  
  15  0:50  Drone  
  15  0:54  Drone  
  17  0:58  Drone  
  18  1:08  Extractor  
  17  1:13  Spawning Pool  
  17  1:15  Drone  
  17  1:19  Drone  
  18  1:27  Drone  
  19  1:38  Drone  
  20  1:49  Overlord  
  20  1:59  Queen x2  
  20  2:00  Zergling x4  
  26  2:10  Drone x2  
  28  2:21  Drone x2  
  30  2:30  Hatchery  
  30  2:34  Metabolic Boost  
  30  2:36  Drone  
  29  2:39  Drone  
  30  2:44  Queen  
  30  2:49  Overlord  
  32  2:52  Drone  
  32  2:54  Drone  
  32  2:58  Drone  
  35  3:07  Queen  
  35  3:09  Overlord  
  35  3:10  Drone  
  35  3:11  Drone  
  39  3:14  Drone  
  40  3:21  Drone x2  
  40  3:23  Drone  
  40  3:25  Overlord  
  43  3:33  Drone  
  44  3:35  Queen  
  44  3:36  Drone  
  47  3:42  Drone x3  
  47  3:43  Queen  
  47  3:45  Zergling x2  
  47  3:47  Overlord  
  53  3:51  Drone  
  53  3:55  Drone, Overlord  
  54  3:56  Drone  
  54  4:00  Zergling x2  
  57  4:04  Drone, Lair  
  57  4:07  Drone x2  
  60  4:14  Queen  
  62  4:18  Drone x3  
  62  4:21  Extractor  
  62  4:23  Queen  
  66  4:25  Overlord  
  66  4:29  Zergling x4  
  66  4:30  Zergling x2  
  69  4:31  Drone  
  69  4:33  Drone  
  69  4:36  Drone, Spore Crawler  
  69  4:37  Drone  
  72  4:41  Drone  
  72  4:42  Spore Crawler  
  72  4:44  Drone  
  73  4:46  Drone x2  
  73  4:48  Drone  
  73  4:49  Drone, Spore Crawler  
  76  4:53  Queen  
  76  4:56  Overlord  
  76  4:59  Drone x2  
  80  5:00  Drone  
  80  5:03  Overlord  
  79  5:17  Overseer  
  79  5:18  Queen x2  
  79  5:20  Drone x2  
  79  5:21  Drone x5  
  88  5:25  Baneling Nest  
  88  5:26  Overlord  
  87  5:31  Drone  
  87  5:33  Zergling x4  
  87  5:35  Drone x2  
  92  5:37  Overlord  
  92  5:40  Drone x2, Extractor  
  92  5:41  Extractor  
  90  5:45  Hatchery  
  90  5:47  Zergling x6  
  90  5:49  Drone x3  
  95  5:54  Overlord  
  95  6:00  Drone x4  
  95  6:03  Overlord  
  99  6:07  Zergling x2  
  100  6:12  Zergling x6  
  100  6:13  Centrifical Hooks, Zergling x4, Evolution Chamber  
  100  6:14  Evolution Chamber  
  103  6:21  Zergling x4  
  103  6:23  Drone  
  106  6:25  Zergling x2  
  106  6:26  Hatchery, Zergling x4  
  106  6:29  Overlord  
  106  6:31  Zergling x6  
  106  6:32  Drone  
  112  6:36  Drone  
  112  6:38  Spore Crawler  
  112  6:40  Spore Crawler  
  112  6:41  Drone x2  
  112  6:45  Zergling x6, Spore Crawler  
  115  6:47  Baneling x5  
  115  6:51  Zerg Ground Armor Level 1, Zerg Melee Weapons Level 1  
  115  6:53  Overlord  
  115  6:55  Zergling x6  
  115  6:58  Drone x3  
  120  7:06  Zergling x6  
  111  7:15  Zergling x10  
  113  7:17  Drone  
  113  7:18  Queen  
  113  7:21  Zergling x6  
  121  7:23  Drone  
  121  7:24  Zergling x6  
  121  7:25  Zergling x2, Infestation Pit  
  121  7:26  Hatchery  
  121  7:29  Overlord  
  124  7:30  Baneling x3  
  124  7:33  Drone x3  
  127  7:37  Spore Crawler  
  127  7:38  Baneling x7  
  127  7:39  Drone  
  127  7:42  Drone x2  
  127  7:43  Baneling x6  
  129  7:45  Zergling x4  
  129  7:49  Zergling x8  
  129  7:50  Zergling x10  
  135  7:52  Drone x2  
  135  7:54  Drone  
  135  7:58  Zergling x4  
  135  8:02  Overlord  
  135  8:07  Zergling x8  
  135  8:11  Drone x5  
  135  8:12  Drone  
  143  8:13  Baneling x11  
  143  8:15  Hive  
  143  8:17  Zergling x4  
  143  8:18  Zergling x2  
  143  8:19  Drone  
  147  8:23  Drone x3  
  147  8:25  Zergling x6  
  147  8:26  Zergling x2  
  151  8:30  Drone x2  
  151  8:31  Drone  
  151  8:32  Drone  
  151  8:33  Extractor  
  151  8:34  Hydralisk Den, Overlord  
  154  8:36  Baneling x6  
  154  8:37  Baneling x2  
  153  8:41  Drone x2  
  153  8:42  Drone  
  153  8:43  Drone x3, Extractor  
  153  8:45  Extractor  
  157  8:48  Baneling x3  
  157  8:49  Baneling x2, Overseer  
  157  8:50  Pneumatized Carapace  
  157  8:52  Drone  
  157  8:53  Drone x4  
  157  8:54  Zergling x4  
  163  8:57  Overlord  
  163  9:00  Zergling x2  
  163  9:01  Zergling x10  
  155  9:12  Zergling x2  
  155  9:13  Zergling x20  
  155  9:15  Zerg Ground Armor Level 2  
  166  9:18  Drone x4  
  166  9:23  Lurker Den  
  168  9:25  Drone x3  
  168  9:29  Overlord  
  164  9:45  Overlord  
  164  9:51  Zergling x38  
  168  9:54  Drone x5  
  168  9:55  Drone  
  171  10:01  Baneling x6  
  171  10:02  Overlord  
  171  10:04  Drone x2  
  173  10:08  Drone x2, Extractor  
  165  10:15  Zergling x2  
  165  10:16  Zergling x16  
  165  10:20  Hydralisk  
  170  10:24  Hydralisk x3  
  170  10:26  Zergling x4  
  175  10:29  Overlord  
  175  10:35  Hydralisk x4  
  172  10:36  Zergling x8  
  172  10:38  Drone  
  172  10:39  Drone  
  172  10:40  Seismic Spines, Overlord x2  
  172  10:41  Zerg Missile Weapons Level 1  
  185  10:46  Baneling x9  
  185  10:47  Lurker  
  184  10:50  Overlord  
  184  10:54  Hydralisk  
  184  10:55  Zergling x14  
  184  11:02  Hatchery  
  177  11:04  Hydralisk x2, Zergling x2  
  177  11:05  Zergling x22  
  177  11:10  Adrenal Glands  
  188  11:12  Lurker x3  
  188  11:14  Zergling x14  
  188  11:18  Drone x2  
  200  11:19  Extractor x2, Overlord  
  200  11:21  Overseer  
  200  11:24  Drone x2  
  200  11:25  Zergling x4  
  200  11:29  Overlord  
  200  11:32  Zergling x10  
  194  11:38  Hydralisk x2  
  194  11:39  Zergling x16  
  194  11:42  Adaptive Talons  
  193  11:52  Zergling x12  
  192  11:54  Lurker x2  
  192  11:55  Zergling x10  
  192  12:02  Zergling x6  
  192  12:03  Zergling x8  
  192  12:05  Overlord  
  197  12:11  Queen  
  197  12:12  Drone x2  
  197  12:13  Drone x2  
  197  12:14  Zerg Ground Armor Level 3  
  197  12:15  Lurker x2  
  200  12:17  Baneling x9  
  198  12:27  Zergling x12  
  198  12:28  Zergling x4  
  199  12:34  Drone x2  
  197  12:42  Zergling x22  
  197  12:48  Hydralisk  
  197  12:49  Zergling x4  
  194  12:54  Drone x4  
  194  12:56  Zergling x12  
  200  13:03  Viper  
  196  13:16  Zergling x16  
  196  13:17  Overseer x2  
  196  13:19  Zerg Melee Weapons Level 2  
  200  13:22  Drone x4  
  200  13:23  Drone x2, Hydralisk  
  200  13:26  Baneling  
  200  13:27  Baneling x10  
  200  13:38  Zergling x8  
  199  13:47  Zergling x28  
  198  13:50  Hydralisk  
  198  13:51  Zergling x10  
  198  13:53  Overseer  
  189  13:58  Zergling x4  
  189  14:00  Queen  
  189  14:01  Zergling x4  
  174  14:03  Baneling x8, Zergling x2  
  174  14:04  Zergling x4  
  174  14:06  Queen  
  174  14:09  Zergling x6  
  181  14:12  Baneling x7, Zergling x8  
  184  14:18  Zergling x10, Spore Crawler x3  
  184  14:19  Baneling x10  
  181  14:25  Hydralisk  
  181  14:26  Zergling x12  
  181  14:27  Lurker x3  
  181  14:28  Zergling x2  
  181  14:29  Hatchery, Zergling x2  
  181  14:31  Zergling x2  
  184  14:34  Zergling x2  
  184  14:35  Zergling x2  
  184  14:38  Zergling x4  
  177  14:42  Queen, Lurker x4  
  177  14:43  Hydralisk, Zergling x4  
  177  14:47  Zergling x6  
  177  14:50  Hydralisk x2  
  171  14:56  Hydralisk  
  171  14:57  Zergling x8  
  171  14:58  Zergling x4  
  176  15:05  Baneling  
  176  15:06  Zergling x12  
  182  15:08  Lurker x2  
  182  15:12  Zergling x10  
  182  15:14  Zergling x4  
  191  15:16  Hydralisk  
  191  15:19  Zergling x2  
  187  15:21  Zergling x2  
  187  15:24  Lurker x3  
  187  15:25  Hydralisk, Zergling x8  
  187  15:26  Zergling x4  
  198  15:31  Hydralisk  
  198  15:32  Zergling x6  
  193  15:42  Hydralisk, Zergling x2  
  181  15:43  Zergling x12  
  181  15:46  Hydralisk  
  181  15:47  Zergling x4  
  161  15:52  Hydralisk x2  
  161  15:53  Zergling x8  
  161  15:54  Zergling x4  
  161  15:55  Zergling x2  
  156  15:57  Hydralisk x2  
  156  16:02  Hydralisk  
  156  16:03  Zergling x4  
  153  16:05  Zergling x2  
  153  16:08  Lurker x4  
  153  16:09  Zergling x8  
  153  16:10  Zergling x2  
  150  16:12  Hydralisk  
  150  16:17  Hydralisk  
  150  16:18  Zergling x6  
  145  16:25  Zergling x8  
  135  16:33  Zergling x6  
  134  16:44  Lurker x7, Overseer  
  135  16:53  Lurker  
  136  16:54  Hydralisk  
  136  16:55  Zergling x2  
  139  17:02  Hatchery  
  139  17:06  Zergling x18  
  141  17:16  Hydralisk x4  
  141  17:17  Zergling x2  
  141  17:23  Hydralisk  
  141  17:24  Zergling x8  
  140  17:30  Hydralisk x3  
  140  17:34  Viper  
  145  17:38  Viper  
  145  17:40  Hydralisk, Zergling x4  
  146  17:49  Drone x4  
  129  17:52  Hydralisk  
  129  17:53  Zergling x2  
  130  18:04  Lurker x3  
  130  18:17  Lurker  
  130  18:18  Zergling x4, Lurker x2  
  130  18:19  Zergling x2  
  131  18:35  Lurker x2  
  131  18:37  Zergling x2  
  134  18:50  Hatchery  
  134  18:53  Zergling x16  
  138  19:09  Hydralisk  
  130  19:10  Zergling x12  
  98  19:17  Overlord  
  98  19:21  Zergling x2  
Tags
 
Add a new tag
Caveats
  • Supply blocks, unpowered buildings, or Contaminate may cause inaccurate times.
  • Supply counts are checked every 10 seconds.